Map: Ulrena

Players

WaffL - Winner!

  • Race: Protoss Protoss
  • League: Diamond

LilDicky

  • Race: Terran Terran
  • League: Diamond

VOD

http://www.twitch.tv/tumescentpie

Description

Time

  • Played on: Dec. 10, 2015, 12:53 p.m.
  • Length: 7:37
Show
View Real Time Build Order
Export as new Build Order

WaffL Protoss - Winner!

Build Orders: 1 Gate Expand 

Get SALT Encoding   

  12  0:01  Probe (Chrono Boost)  
  13  0:11  Probe (Chrono Boost)  
  14  0:19  Pylon  
  14  0:22  Probe (Chrono Boost)  
  15  0:37  Probe (Chrono Boost)  
  15  0:39  Gateway  
  16  0:48  Probe (Chrono Boost)  
  16  0:49  Assimilator  
  17  0:58  Probe (Chrono Boost)  
  18  1:09  Probe (Chrono Boost)  
  19  1:22  Nexus  
  19  1:31  Cybernetics Core  
  19  1:35  Probe (Chrono Boost)  
  20  1:47  Probe (Chrono Boost), Pylon  
  21  1:57  Probe (Chrono Boost), Assimilator  
  22  2:14  Mothership Core (Chrono Boost)  
  24  2:18  Gateway  
  24  2:22  Adept  
  26  2:33  Warp Gate  
  26  2:34  Probe (Chrono Boost)  
  27  2:40  Probe (Chrono Boost)  
  28  2:47  Probe (Chrono Boost)  
  29  2:54  Sentry  
  29  2:56  Probe (Chrono Boost)  
  29  2:57  Probe (Chrono Boost)  
  33  3:01  Pylon  
  33  3:09  Gateway, Probe x2 (Chrono Boost)  
  33  3:11  Sentry  
  37  3:29  Stalker  
  37  3:33  Pylon  
  35  3:54  Probe x2 (Chrono Boost)  
  27  4:04  Probe (Chrono Boost)  
  27  4:05  Probe (Chrono Boost)  
  29  4:15  Probe (Chrono Boost)  
  29  4:16  Probe (Chrono Boost)  
  30  4:25  Probe (Chrono Boost)  
  30  4:26  Twilight Council  
  30  4:27  Probe (Chrono Boost)  
  32  4:36  Probe (Chrono Boost)  
  32  4:38  Probe (Chrono Boost)  
  34  4:40  Sentry, Zealot x2  
  40  4:48  Probe (Chrono Boost)  
  40  4:49  Probe (Chrono Boost)  
  42  5:00  Pylon  
  41  5:17  Stalker x2  
  45  5:23  Zealot  
  45  5:28  Mothership Core (Chrono Boost), Probe (Chrono Boost)  
  48  5:39  Probe (Chrono Boost)  
  48  5:41  Dark Shrine  
  49  5:46  Probe (Chrono Boost)  
  51  5:50  Probe (Chrono Boost)  
  52  5:57  Probe (Chrono Boost)  
  52  6:00  Probe (Chrono Boost)  
  52  6:02  Gateway  
  52  6:03  Gateway  
  53  6:07  Probe (Chrono Boost)  
  54  6:11  Probe (Chrono Boost)  
  54  6:17  Pylon  
  54  6:18  Probe (Chrono Boost)  
  55  6:23  Probe (Chrono Boost), Assimilator  
  56  6:30  Forge  
  56  6:38  Probe x2 (Chrono Boost)  
  56  6:56  Dark Templar x2  
  56  6:57  Dark Templar  
  62  7:03  Stalker x2  
  66  7:08  Probe (Chrono Boost)  
  66  7:09  Probe (Chrono Boost)  
  68  7:19  Probe (Chrono Boost)  
  61  7:31  Stalker  
  61  7:32  Stalker x3  
Show
View Real Time Build Order
Export as new Build Order

LilDicky Terran 

Build Orders: Hellion Opening, MMM Bio 

Get SALT Encoding   

  12  0:02  SCV  
  13  0:14  SCV  
  14  0:19  Supply Depot  
  14  0:26  SCV  
  15  0:36  Refinery  
  15  0:41  SCV  
  16  0:45  Barracks  
  16  0:53  SCV  
  17  1:05  SCV  
  18  1:18  SCV  
  20  1:33  Marine  
  20  1:34  Supply Depot  
  20  1:36  Orbital Command  
  20  1:40  Factory  
  20  2:05  SCV  
  20  2:06  Barracks Reactor  
  21  2:17  SCV  
  22  2:24  Hellion  
  22  2:26  Barracks  
  25  2:30  SCV, Barracks  
  25  2:31  Refinery  
  25  2:35  Supply Depot  
  25  2:42  SCV  
  26  2:54  SCV, Hellion x2  
  32  2:59  Supply Depot  
  32  3:03  Barracks Tech Lab  
  31  3:06  SCV  
  32  3:15  Barracks Tech Lab, Hellion  
  32  3:16  Hellion  
  32  3:18  SCV  
  37  3:25  Barracks Reactor  
  37  3:30  SCV  
  38  3:57  Combat Shields  
  38  3:58  Stimpack, Marine x2  
  38  3:59  Hellion x2  
  36  4:09  Marine x2  
  38  4:14  SCV  
  38  4:16  Marauder x2  
  41  4:23  Supply Depot, Hellion  
  43  4:26  Hellion  
  43  4:27  Marine x2  
  47  4:33  Supply Depot  
  47  4:44  Marine x2  
  47  4:45  SCV, Marine x2  
  52  4:55  Hellion  
  52  4:57  SCV  
  55  5:02  Marine x2  
  55  5:03  Marauder  
  48  5:26  Marine  
  48  5:27  Marauder  
  48  5:28  Marine  
  46  5:33  Command Center  
  44  5:38  SCV  
  44  5:41  Widow Mine x2  
  47  5:48  Marine x2  
  47  5:49  Marauder  
  51  5:50  SCV  
  52  6:01  Marine  
  52  6:02  SCV  
  54  6:06  Marine x2  
  54  6:10  Marine, Widow Mine  
  59  6:11  Widow Mine  
  59  6:15  SCV  
  62  6:21  Supply Depot  
  62  6:23  Marine  
  63  6:43  SCV, Marine x3  
  63  6:45  Marine  
  66  7:01  Marine x3  
  69  7:03  Marine  
  70  7:13  Starport  
  70  7:18  Marine x2  
Tags
 
Add a new tag
Caveats
  • Supply blocks, unpowered buildings, or Contaminate may cause inaccurate times.
  • Supply counts are checked every 10 seconds.